 Dungeon Crawl Stone Soup version 0.18-a0-1576-g2b87869 (webtiles) character file.

32 Oddball22 the Sneak (level 3, 0/18 HPs)
             Began as a Spriggan Assassin on Mar 17, 2016.
             Slain by Terence
             ... wielding a +0 short sword
              (1 damage)
             ... on level 2 of the Dungeon.
             The game lasted 00:03:23 (905 turns).

Oddball22 the Sneak (Spriggan Assassin)              Turns: 905, Time: 00:03:23

Health: 0/18       AC:  3    Str:  7    XL:     3   Next: 8%
Magic:  4/4        EV: 17    Int: 12    God:
Gold:   57         SH:  0    Dex: 18    Spells: 0 memorised, 2 levels left

rFire  . . .     SeeInvis +     n - +0 short sword (curse)
rCold  . . .     Gourm    .     c - +0 robe
rNeg   . . .     Faith    .     (shield restricted)
rPois  .         Spirit   .     (helmet restricted)
rElec  .         Dismiss  .     d - +0 cloak
rCorr  .         Reflect  .     (gloves unavailable)
SustAt .         Harm     .     (boots unavailable)
MR     .....                    (no amulet)
Stlth  ++++......               (no ring)
                                (no ring)

@: very quick, not resistant to hostile enchantments, stealthy
A: unfitting armour, see invisible, herbivore 3, speed 3, slow metabolism 2
a: no special abilities


You were on level 2 of the Dungeon.
You were not hungry.

You visited 1 branch of the dungeon, and saw 2 of its levels.

You collected 57 gold pieces.

Inventory:

Hand Weapons
 b - a +0 blowgun
 n - a cursed +0 short sword (weapon)
Missiles
 e - 8 poisoned needles
 f - 2 curare-tipped needles
Armour
 c - a +0 robe (worn)
 d - a +0 cloak (worn)
Scrolls
 a - a scroll of remove curse {unknown}
 i - a scroll of fog {unknown}
 j - 2 scrolls of identify {unknown}
 l - a scroll of enchant armour {unknown}
 o - a scroll of immolation {unknown}
Potions
 h - 2 potions of brilliance {unknown}
 k - a potion of degeneration {unknown}
 m - a potion of haste {unknown}
Comestibles
 g - 3 bread rations


   Skills:
 + Level 1.7 Fighting
 + Level 2.5 Short Blades
 - Level 2.1 Throwing
 - Level 1.5 Dodging
 * Level 7.0 Stealth


You had 2 spell levels left.
You didn't know any spells.

Dungeon Overview and Level Annotations

Branches:
Dungeon (2/15)

Altars:

Annotations:
D:2 Terence


Innate Abilities, Weirdness & Mutations

You are tiny and cannot use many weapons and most armour.
You have supernaturally acute eyesight.
You are a herbivore.
You cover ground extremely quickly.
You need consume almost no food.


Message History

You closely miss Terence.
Terence is severely wounded.
You hit Terence but do no damage.
Terence is severely wounded.
Terence completely misses you.
You barely miss Terence.
Terence is severely wounded.
Terence hits you with a short sword.
* * * LOW HITPOINT WARNING * * *
You hit Terence.
Terence is almost dead.
Terence closely misses you.
You closely miss Terence.
Terence is almost dead.
Terence hits you with a short sword.
* * * LOW HITPOINT WARNING * * *
You hit Terence but do no damage.
Terence is almost dead.
Terence hits you with a short sword.
You die...

## §§§##### #. ####...#
#. ......# # #. ##...#
.# # #. #...#####.#.#
#. #...#.......# #.
#...#.......# #.
#...'.@@.>..# #.
###########...#..†....#
#.
......#.##....#.......#
#.
#.....#.##....#####+#+#
#. ..# #.##.....# #.
#.#####.##.....# #.
...............# #.
#.#####.####...# #.
#.## #.# ...#


You could see Terence.

Vanquished Creatures
  2 adders (D:2)
  A giant cockroach (D:1)
  2 goblins (D:1)
  2 hobgoblins (D:1)
  6 kobolds (D:1)
  A rat (D:1)
14 creatures vanquished.

Notes
Turn   | Place    | Note
--------------------------------------------------------------
     0 | D:1      | Oddball22 the Spriggan Assassin began the quest for the Orb.
     0 | D:1      | Reached XP level 1. HP: 10/10 MP: 2/2
    45 | D:1      | Reached skill level 6 in Stealth
   420 | D:1      | Reached XP level 2. HP: 14/14 MP: 3/3
   875 | D:2      | Noticed Terence
   879 | D:2      | Reached skill level 7 in Stealth
   879 | D:2      | Reached XP level 3. HP: 18/18 MP: 4/4
   905 | D:2      | Slain by Terence

Vault maps used:
D:1:      dpeg_arrival_fog, hangedman_abyss_or_decor_stabs
D:2:      nicolae_qazlal_eye_of_the_storm, nicolae_ru_great_annihilating_truth,
          uniq_crazy_yiuf_cottage, uniq_terence

Skill      XL: |  1  2 |
---------------+-------+-----
Stealth        | 6 7 |  7.0
Fighting       | |  1.7
Short Blades   | |  2.5
Throwing       | |  2.1
Dodging        | |  1.5

Action                   || total
-------------------------++-------
Melee: Dagger            ||    21
       Short sword       ||    33
 Stab: Sleeping          ||     6
